Map: Ice and Chrome LE

Players

FeEbLeNFraiL - Winner!

  • Race: Protoss Protoss
  • League: Master
  • Spawn Location: 1:00

Arcolidos

  • Race: Terran Terran
  • League: Diamond
  • Spawn Location: 7:00

VOD

Have the link to the VOD?

Description

Time

  • Played on: Aug. 10, 2020, 8:25 p.m.
  • Length: 12:39
Show
View Real Time Build Order
Export as new Build Order

FeEbLeNFraiL Protoss - Winner!

Build Orders: 1 Gate Expand, Blink Stalkers 

Get SALT Encoding   

  12  0:00  Probe  
  13  0:12  Probe (Chrono Boost)  
  14  0:17  Pylon  
  14  0:25  Probe (Chrono Boost)  
  15  0:34  Probe (Chrono Boost)  
  16  0:38  Gateway  
  16  0:43  Probe  
  16  0:46  Assimilator  
  17  0:55  Probe  
  18  1:08  Probe  
  19  1:20  Nexus  
  19  1:32  Cybernetics Core  
  19  1:36  Probe  
  20  1:46  Assimilator  
  20  1:48  Probe, Pylon  
  21  2:00  Probe  
  22  2:06  Adept (Chrono Boost)  
  25  2:15  Probe  
  25  2:17  Twilight Council  
  25  2:27  Probe  
  26  2:36  Probe  
  27  2:54  Sentry (Chrono Boost)  
  27  2:58  Blink (Chrono Boost)  
  29  3:02  Probe (Chrono Boost)  
  30  3:10  Probe (Chrono Boost)  
  30  3:11  Gateway  
  31  3:13  Gateway  
  31  3:14  Probe (Chrono Boost)  
  31  3:18  Warp Gate (Chrono Boost)  
  31  3:19  Stalker  
  35  3:20  Probe (Chrono Boost)  
  35  3:21  Probe (Chrono Boost)  
  35  3:25  Probe (Chrono Boost)  
  37  3:28  Probe  
  38  3:39  Pylon  
  38  3:40  Probe x2  
  40  3:52  Probe  
  41  4:10  Pylon  
  41  4:20  Probe  
  41  4:21  Probe  
  43  4:30  Robotics Facility, Pylon, Forge  
  43  4:33  Probe x2, Gateway  
  43  4:38  Nexus, Pylon  
  45  4:41  Assimilator  
  45  4:44  Assimilator  
  45  4:55  Probe x2  
  47  5:04  Stalker  
  47  5:06  Stalker x2  
  53  5:09  Charge  
  53  5:23  Probe x2  
  53  5:28  Stalker x3  
  57  5:29  Stalker  
  64  5:35  Probe x2  
  64  5:36  Protoss Ground Weapons Level 1 (Chrono Boost)  
  65  5:45  Robotics Bay  
  65  5:48  Pylon  
  65  5:54  Probe x2  
  67  5:59  Gateway  
  67  6:00  Gateway  
  65  6:25  Probe x2, Extended Thermal Lance (Chrono Boost)  
  67  6:31  Colossus (Chrono Boost)  
  67  6:32  Zealot x4  
  81  6:46  Robotics Facility  
  81  6:48  Pylon  
  81  6:53  Zealot x5  
  81  6:54  Zealot  
  93  6:58  Probe x2  
  93  6:59  Probe  
  96  7:10  Colossus  
  96  7:19  Gateway  
  96  7:20  Gateway  
  96  7:22  Gateway  
  100  7:24  Zealot x2  
  100  7:28  Zealot x2  
  90  7:39  Zealot  
  90  7:40  Zealot  
  88  7:48  Zealot x3  
  88  7:49  Zealot  
  96  7:51  Colossus (Chrono Boost)  
  96  7:57  Protoss Ground Weapons Level 2 (Chrono Boost)  
  102  8:01  Colossus (Chrono Boost)  
  108  8:10  Probe  
  109  8:17  Pylon  
  109  8:20  Pylon  
  109  8:28  Pylon  
  109  8:35  Probe x3  
  109  8:38  Colossus  
  109  8:39  Templar Archives  
  118  8:42  Colossus  
  106  9:20  Psionic Storm  
  106  9:27  Colossus  
  106  9:31  Colossus  
  104  10:07  Gateway  
  104  10:08  Pylon  
  104  10:10  Zealot x5, Assimilator  
  104  10:11  Zealot x4  
  122  10:14  Assimilator  
  122  10:21  Colossus  
  134  10:30  Pylon  
  134  10:31  High Templar  
  134  10:34  High Templar x2  
  134  10:35  Zealot x2  
  134  10:36  Zealot  
  140  10:48  Photon Cannon  
  140  10:49  Photon Cannon, High Templar  
  142  10:51  Photon Cannon, High Templar  
  142  10:56  Zealot x2  
  148  11:00  Pylon  
  148  11:03  Pylon  
  148  11:05  Nexus  
  148  11:08  Pylon  
  148  11:11  Pylon  
  120  11:27  Archon  
  100  11:42  Stalker x2  
  100  11:43  Stalker x4  
  100  11:44  Stalker x2  
  100  11:45  Stalker  
  118  11:48  Stargate  
  112  12:06  High Templar x4  
  112  12:08  Zealot x5  
  124  12:09  Zealot  
Show
View Real Time Build Order
Export as new Build Order

Arcolidos Terran 

Build Orders: Reaper Expand 

Get SALT Encoding   

  12  0:00  SCV  
  13  0:12  SCV  
  14  0:18  Supply Depot  
  14  0:24  SCV  
  15  0:39  SCV  
  15  0:40  Barracks  
  16  0:47  Refinery  
  16  0:52  SCV  
  17  1:04  SCV  
  18  1:16  SCV  
  19  1:30  Reaper  
  19  1:31  Orbital Command  
  20  1:41  Command Center  
  20  1:58  SCV  
  21  2:01  Supply Depot  
  21  2:02  Marine  
  22  2:10  SCV  
  23  2:23  SCV, Factory  
  24  2:31  Bunker  
  24  2:36  SCV  
  25  2:38  Refinery  
  25  2:40  Supply Depot  
  25  2:51  SCV  
  25  2:53  Barracks Reactor  
  26  3:00  Orbital Command  
  26  3:03  SCV  
  27  3:10  Starport  
  27  3:11  Factory Tech Lab  
  27  3:15  SCV  
  27  3:19  Refinery  
  28  3:24  Engineering Bay  
  28  3:26  SCV  
  29  3:28  SCV  
  29  3:30  Marine x2  
  32  3:35  Siege Tank  
  32  3:39  SCV  
  32  3:40  SCV  
  37  3:49  Supply Depot  
  37  3:50  Medivac  
  37  3:51  SCV  
  37  3:52  SCV  
  41  4:03  SCV  
  41  4:04  SCV  
  43  4:14  Barracks  
  43  4:15  SCV  
  43  4:16  SCV, Barracks  
  44  4:17  Marine x2  
  46  4:25  Terran Infantry Weapons Level 1  
  46  4:27  SCV  
  46  4:28  SCV, Armory  
  46  4:29  Starport Reactor  
  48  4:39  Marine x2, SCV  
  48  4:40  SCV  
  48  4:42  Siege Tank  
  55  4:49  Supply Depot  
  55  4:58  SCV x2  
  57  5:01  Barracks Tech Lab  
  57  5:02  Barracks Tech Lab  
  57  5:05  Marine x2  
  57  5:06  Viking  
  61  5:11  Medivac  
  61  5:12  SCV x2  
  65  5:23  Marine x3, Refinery  
  65  5:24  Marauder  
  70  5:39  Command Center  
  70  5:47  Supply Depot  
  70  5:48  Marine x2  
  70  5:49  Siege Tank, SCV, Marauder  
  78  5:50  Supply Depot  
  78  5:58  Supply Depot  
  78  6:02  Marine  
  78  6:09  Medivac, Marine, Viking, SCV  
  82  6:33  Marine  
  82  6:34  Marine x2  
  82  6:35  Siege Tank  
  88  6:44  SCV x2  
  88  6:45  Terran Infantry Weapons Level 2  
  90  6:47  Supply Depot  
  90  6:49  Marine  
  90  6:50  Medivac, Viking  
  95  7:00  Supply Depot  
  95  7:06  Barracks Tech Lab  
  88  7:28  Marine  
  88  7:29  Marine, Marauder  
  93  7:30  Siege Tank, Medivac, Viking  
  79  7:45  Barracks Tech Lab  
  79  7:46  Marine x2  
  79  7:51  Marauder  
  71  7:52  SCV x2  
  69  8:04  Barracks  
  69  8:05  Missile Turret  
  65  8:06  Barracks  
  65  8:07  Engineering Bay, Planetary Fortress  
  65  8:09  SCV x2  
  67  8:14  Marine  
  67  8:15  Marine x2, Marauder, Refinery  
  72  8:21  SCV x2  
  72  8:22  Siege Tank, Medivac, Viking  
  81  8:31  Terran Vehicle Weapons Level 1, Supply Depot  
  81  8:32  Marine  
  81  8:33  Marauder, Combat Shield  
  81  8:34  Stimpack  
  84  8:42  Supply Depot x2  
  68  9:06  Marine x5  
  68  9:07  Siege Tank, Medivac, Marauder, Viking  
  59  9:23  Marine  
  59  9:24  Marine x3  
  61  9:25  Marauder  
  61  9:27  Marine  
  66  9:33  SCV x2  
  66  9:37  Terran Infantry Armor Level 1  
  68  9:39  Siege Tank  
  68  9:41  Marine x2  
  68  9:42  Marine x2  
  75  9:46  Marine, Marauder  
  74  9:59  Marine  
  64  10:04  Marauder  
  64  10:05  Marine x2  
  64  10:06  Marine  
  64  10:07  Medivac, Marine, Viking  
  74  10:17  Marine  
  75  10:23  Marine x3  
  75  10:24  SCV x2  
  75  10:25  Marauder x2  
  84  10:29  Refinery  
  84  10:42  Command Center  
  84  10:47  Marine, Concussive Shells  
  84  10:48  Marine, Marauder  
  88  11:03  Marine x2  
  92  11:04  Siege Tank, Marauder  
  92  11:07  Marine  
  92  11:10  Marauder  
  57  11:44  Marine x2  
  57  11:45  Siege Tank, Marine x2, Marauder  
  57  11:46  Marauder, Viking  
  70  11:49  SCV x2  
  70  12:02  Marine x3  
  70  12:06  Marauder  
  75  12:11  Orbital Command  
  75  12:14  Marine x2  
Tags
 
Add a new tag
Caveats
  • Supply blocks, unpowered buildings, or Contaminate may cause inaccurate times.
  • Supply counts are checked every 10 seconds.